 Dungeon Crawl Stone Soup version 0.31-a0-875-g02e7d12df6 (webtiles) character file.

Game seed: 13122618465019016977

2198 lunkers the Martial Artist (level 9, -7/61 (64) HPs)
             Began as a Meteoran Shapeshifter on Oct 12, 2023.
             Was a Priest of Trog.
             Killed by divine providence
             ... invoked by Jeremiah
              (12 damage)
             ... on level 7 of the Dungeon.
             The game lasted 00:06:46 (2680 turns).

lunkers the Martial Artist (Meteoran Shapeshifter)  Turns: 2680, Time: 00:06:47

HP:   -7/61 (64)    AC: 12    Str: 15    XL:     9   Next: 91%
MP:   10/10         EV: 12    Int: 13    God:    Trog [***...]
Gold: 264           SH:  0    Dex: 18    Spells: 8/8 levels left

rFire   . .          .
                       - Unarmed
rCold   + . .        (shield currently unavailable)
rNeg    + . .        u - +0 acid dragon scales
rPois   .            (no helmet)
rElec   .            (no cloak)
rCorr   +            j - +0 pair of gloves
SInv    .            n - +4 pair of boots of Syndicalism {rC+ rN+}
Will    +....        (no amulet)
Stlth   +            (no ring)
HPRegen 0.30/turn    (no ring)
MPRegen 0.12/turn

%: no passive effects
@: flux-form, glowing, lightly drained
A: glow, contaminating, sense surroundings 2, otherworldly, glowing, explore
regen
a: Begin Untransformation, Renounce Religion, Berserk, Trog's Hand


You were on level 7 of the Dungeon.
You worshipped Trog.
Trog was most pleased with you.
You were something dangerously unstable.
You visited 1 branch of the dungeon, and saw 7 of its levels.
You also visited: Sewer.

You collected 264 gold pieces.

Inventory:

Armour
 i - an orb of guile
 j - a +0 pair of gloves (worn)
 n - the +4 pair of boots of Syndicalism (worn) {rC+ rN+}
   (You acquired it on level 6 of the Dungeon)

   rC+:       It protects you from cold.
   rN+:       It protects you from negative energy.
 u - +0 acid dragon scales (worn)
Jewellery
 a - an amulet of faith
Talismans
 c - a beast talisman
 d - a flux talisman (active)
Wands
 m - a wand of flame (2)
 v - a wand of light (5)
Scrolls
 k - 2 scrolls of teleportation
 r - 2 scrolls of brand weapon
 s - a scroll of blinking
 t - a scroll of enchant weapon {unknown}
Potions
 b - a potion of lignification
 e - 2 potions of resistance
 f - 5 potions of heal wounds
 g - a potion of attraction
 h - a potion of degeneration {unknown}
 l - a potion of berserk rage {unknown}
 o - 3 potions of enlightenment
 p - a potion of ambrosia {unknown}
 q - a potion of might {unknown}
 w - a potion of brilliance {unknown}


   Skills:
 - Level 1.1 Fighting
 - Level 2.1 Dodging
 * Level 12.2 Unarmed Combat
 + Level 8.6 Shapeshifting


You had 8 spell levels left.
You didn't know any spells.
Your spell library was empty.

Dungeon Overview and Level Annotations

Branches:
Dungeon (7/15) Zot: 1646    Sewer (visited)
 Temple: D:4-7

Altars:
Cheibriados
Trog
Xom
Zin

Shops:
D:1 (   D:7 :

Annotations:
D:7 Jeremiah


Innate Abilities, Weirdness & Mutations

You are something dangerously unstable.
You glow with magical radiation, making you easy to see and hit.
Foes you strike become dangerously contaminated with magical radiation.
You are incapable of wielding weapons or throwing items.
You passively map the area around you.
You are easily found by Zot.
You glow in the dark.
You regain HP and MP as you explore.


Message History

You kill the butterfly!
The butterfly disappears in a burst of colours!
Jeremiah barely misses you.
You punch the butterfly!
You kill the butterfly!
The butterfly disappears in a burst of colours! x2
Jeremiah closely misses you.
You barely miss the butterfly.
The butterfly disappears in a burst of colours!
The butterfly disappears in a burst of colours!
Jeremiah hits you but does no damage.
You hit Jeremiah.
Jeremiah begins to glow.
Jeremiah is heavily wounded.
Jeremiah mumbles a slurred invocation.
Something smites you!
* * * LOW HITPOINT WARNING * * *
You punch Jeremiah!
Jeremiah glows dangerously bright.
Jeremiah is severely wounded.
Jeremiah gazes at their orb, transfixed.
Jeremiah hits you with a +4 vampiric trident.
* * * LOW HITPOINT WARNING * * *
Jeremiah draws strength from your wounds!
You hit Jeremiah.
Jeremiah shudders as magic cascades through them.
Jeremiah twists and deforms.
Jeremiah is almost dead.
The butterfly disappears in a burst of colours!
Jeremiah hits you with a +4 vampiric trident.
* * * LOW HITPOINT WARNING * * *
Jeremiah draws strength from your wounds!
You hit Jeremiah.
Jeremiah begins to glow.
Jeremiah is almost dead.
The butterfly disappears in a burst of colours!
You closely miss Jeremiah.
Jeremiah is almost dead.
The butterfly disappears in a burst of colours!
Jeremiah mumbles a slurred invocation.
Something smites you!
You die...
Jeremiah asks, "What happened?
Did... did you die?" ....######.# #.<# * * * #..........# #..# * #.#.######## #..# * * #.#.# #.b# ** #.#># #.b# <, #.#.# #.b# * #.#.# #bb#### *, #.#.# #Fbb.b#

#.#.# ##p#### #.#.#
#b..b##### #...#
*#######..##....#. **
..# ., ,
.......bb#......#
##..#
########.......# #
#.# #.#b...## * , ,
###.# ,* #.######
....####### #.###.###
.....).....###....b.#


You could see Jeremiah (contam, misshapen).

Vanquished Creatures
  A troll (D:7)
  Sigmund (D:5)
  An acid dragon (D:6)
  A water moccasin (D:6)
  2 black bears
  An orc warrior (D:6)
  2 sky beasts (D:6)
  2 ogres (D:4)
  A centaur (D:6)
  2 phantoms
  2 kobold brigands
  A bullfrog (D:6)
  3 scorpions
  A howler monkey (D:6)
  An orc priest (D:3)
  Ijyb (D:3)
  5 orc wizards
  4 gnolls (D:3)
  3 adders
  A shadow imp (D:6)
  A white imp (D:5)
  5 worms
  A dart slug (D:1)
  15 orcs
  2 endoplasms
  3 giant cockroaches
  5 goblins
  4 hobgoblins
  3 jackals (Sewer)
  2 quokkas
  6 ball pythons
  2 bats (D:1)
  3 frilled lizards (D:1)
  13 kobolds
  8 rats
109 creatures vanquished.

Notes
Turn   | Place    | Note
-------+----------+-------------------------------------------
     0 | D:1      | lunkers the Meteoran Shapeshifter began the quest for the
                  | Orb.
     0 | D:1      | Reached XP level 1. HP: 16/16 MP: 2/2
    62 | D:1      | Reached skill level 4 in Unarmed Combat
    62 | D:1      | Reached XP level 2. HP: 3/23 MP: 3/3
   109 | D:1      | Found a faded altar of an unknown god.
   165 | D:1      | Prayed at the altar of an unknown god.
   165 | D:1      | Became a worshipper of Trog the Wrathful
   165 | D:1      | Reached * piety under Trog
   209 | D:1      | Found Oskunk's Antique Weapon Emporium.
   219 | D:1      | Reached XP level 3. HP: 24/28 MP: 4/4
   231 | D:1      | You fall into a shaft and drop 1 floor!
   530 | D:3      | Noticed Ijyb
   536 | D:3      | Killed Ijyb
   537 | D:3      | Reached skill level 5 in Unarmed Combat
   537 | D:3      | Reached XP level 4. HP: 35/35 MP: 5/5
   656 | D:3      | Reached ** piety under Trog
   662 | D:3      | Reached XP level 5. HP: 21/40 MP: 6/6
   784 | D:3      | Reached skill level 6 in Unarmed Combat
   861 | D:4      | Noticed a phantom
   880 | D:4      | Killed a phantom
   881 | D:4      | Reached skill level 5 in Shapeshifting
   881 | D:4      | Reached XP level 6. HP: 32/47 MP: 7/7
   966 | D:4      | Noticed an ogre
   971 | D:4      | Killed an ogre
   972 | D:4      | Reached skill level 7 in Unarmed Combat
   972 | D:4      | Reached XP level 7. HP: 52/52 MP: 8/8
  1047 | D:4      | Found a glowing drain.
  1090 | Sewer    | Entered a sewer
  1178 | Sewer    | Found a white marble altar of Elyvilon.
  1601 | D:4      | Found a glowing silver altar of Zin.
  1609 | D:4      | Reached skill level 8 in Unarmed Combat
  1673 | D:5      | Entered Level 5 of the Dungeon
  1751 | D:5      | Noticed Sigmund
  1761 | D:5      | Killed Sigmund
  1762 | D:5      | Reached XP level 8. HP: 59/59 MP: 9/9
  1778 | D:5      | Reached skill level 9 in Unarmed Combat
  1980 | D:6      | Reached skill level 10 in Unarmed Combat
  2054 | D:6      | Reached *** piety under Trog
  2055 | D:6      | Gained mutation: You passively map the area around you.
                  | [Meteoran growth]
  2055 | D:6      | Reached XP level 9. HP: 60/64 MP: 10/10
  2074 | D:6      | Found a snail-covered altar of Cheibriados.
  2075 | D:6      | Found a shimmering altar of Xom.
  2087 | D:6      | Identified a scroll of acquirement
  2087 | D:6      | Acquired the +4 pair of boots of Syndicalism {rC+ rN+}
  2125 | D:6      | Reached skill level 11 in Unarmed Combat
  2358 | D:7      | Noticed a troll
  2367 | D:7      | Killed a troll
  2368 | D:7      | Reached skill level 12 in Unarmed Combat
  2612 | D:7      | Found Rojeage's Book Shoppe.
  2632 | D:7      | Noticed Jeremiah
  2680 | D:7      | Killed from afar by Jeremiah

Illustrated notes

Levels and vault maps discovered:
D:1:      minmay_arrival_four_loops, layout_rooms, serial_shops,
          nicolae_shop_dealshenge, chequers_ecumenical_altar_lobes,
          chequers_serial_rivers_small_3
D:2:      layout_loops_cross, serial_shops, nicolae_book_shop_shelving
D:3:      layout_basic, uniq_ijyb
D:4:      layout_loops_ring, overflow_temple_1_default,
          cheibrodos_sewer_entry_bend, serial_rivers,
          chequers_serial_rivers_large_b, chequers_serial_rivers_micro_b,
          chequers_serial_rivers_small_3, chequers_serial_rivers_small_3,
          nicolae_shop_overcharged_wands
D:5:      layout_basic, dilly_guarded_unrand_throatcut, uniq_sigmund,
          uniq_prince_ribbit1
D:6:      layout_basic, jmf_multi_god_temple, minmay_temple_entry_glassed_door,
          corexii_item_surrounded_by_moat
D:7:      layout_loops_ring, serial_shops,
          nicolae_shop_temple_entry_statues_fountains, uniq_crazy_yiuf_cottage,
          uniq_jeremiah

Skill      XL: |  1  2  3  4  5  6  7  8  9 |
---------------+----------------------------+-----
Unarmed Combat | 4 5 6 7 8 10 12 | 12.2
Shapeshifting  | 4 5 6 7 8 |  8.6
Fighting       | |  1.1
Dodging        | |  2.1

Action                     |  1- 3 |  4- 6 |  7- 9 || total
---------------------------+-------+-------+-------++-------
  Melee: Unarmed           |    72 |    55 |   198 ||   325
         Punch             |     3 |       |     5 ||     8
 Invoke: Berserk           |     1 |     4 |     5 ||    10
    Use: Scroll            |       |       |     8 ||     8
 Armour: Animal skin       |    33 |    24 |    57 ||   114
         Acid dragon scale |       |       |    45 ||    45
  Dodge: Dodged            |    47 |    27 |    84 ||   158
   Form: Flux              |       |       |     1 ||     1

Table legend: (Time is in decaauts)
 A = Elapsed time spent in this place.
 B = Non-inter-level travel time spent in this place.
 C = Inter-level travel time spent in this place.
 D = Time resting spent in this place.
 E = Time spent auto-exploring this place.
 F = Levels seen in this place.
 G = Mean time per level.
                   A        B        C        D        E       F      G
               +--------+--------+--------+--------+--------+-----+--------+
         Total |   2824 |   2648 |    176 |     95 |   1778 |   8 |  353.0 |
       Dungeon |   2553 |   2377 |    176 |     93 |   1625 |   7 |  364.7 |
         Sewer |    271 |    271 |      0 |      2 |    152 |   1 |  271.0 |
               +--------+--------+--------+--------+--------+-----+--------+

Top non-repeatable levels by time:
     D:4: 675 daAuts
     D:6: 414 daAuts
     D:3: 353 daAuts
     D:7: 338 daAuts
     D:2: 296 daAuts
   Sewer: 271 daAuts
     D:5: 246 daAuts
     D:1: 228 daAuts
